 Dungeon Crawl Stone Soup version 0.30-a0-121-gb27577e5d9 (webtiles) character file.

Game seed: 11507062624107275668

80 IdlyInterested the Covered (level 4, -1/33 HPs)
             Began as a Demonspawn Wanderer on Sept 14, 2022.
             Slain by a jackal (2 damage)
             ... on level 3 of the Dungeon.
             The game lasted 00:07:15 (2122 turns).

IdlyInterested the Covered (Demonspawn Wanderer)    Turns: 2122, Time: 00:07:16

Health: -1/33      AC: 10    Str: 12      XL:     4   Next: 18%
Magic:  6/7        EV:  9    Int: 16 (18) God:
Gold:   71         SH:  0    Dex:  7 (10) Spells: 6/7 levels left

rFire   . . .      SeeInvis .    a - +0 spear
rCold   + . .      Faith    .    j - orb {guile}
rNeg    . . .      Spirit   .    o - +1 scale mail
rPois   .          Reflect  .    (helmet restricted)
rElec   .          Harm     .    (no cloak)
rCorr   .          Rampage  .    h - +2 pair of gloves
Will    .....                    (no boots)
Stlth   ..........               (no amulet)
HPRegen 0.11/turn                n - ring of protection from cold
MPRegen 0.10/turn                (no ring)

@: no status effects
A: antennae 1
a: no special abilities


You were on level 3 of the Dungeon.
You visited 1 branch of the dungeon, and saw 3 of its levels.

You collected 71 gold pieces.

Inventory:

Hand Weapons
 a - a +0 spear (weapon)
 b - a +0 short sword of speed
 f - a +0 short sword
Missiles
 e - 6 poisoned darts
 k - 4 boomerangs
Armour
 d - a +0 buckler
 h - a +2 pair of gloves (worn)
 j - an orb of guile (worn)
 o - a +1 scale mail (worn)
Jewellery
 n - a ring of protection from cold (left hand)
Scrolls
 c - a scroll of blinking
 i - a scroll of enchant weapon {unknown}
 l - 3 scrolls of identify
Potions
 g - a potion of ambrosia


   Skills:
 * Level 2.2 Fighting
 + Level 2.3 Polearms
 - Level 3.0 Armour
 * Level 1.2 Dodging
 - Level 2.0 Spellcasting
 + Level 2.6 Necromancy
 - Level 1.0 Evocations


You had 6 spell levels left.
You knew the following spells:

 Your Spells              Type           Power      Damage    Failure   Level
a - Necrotise             Necr           40%        1d6       34%         1

Your spell library contained the following spells:

 Spells                   Type           Power      Damage    Failure   Level
 Summon Small Mammal      Summ           4%         N/A       71%         1
 Vampiric Draining        Necr           10%        2d6       71%         3
 Call Canine Familiar     Summ           1%         N/A       97%         3
 Gell's Gravitas          Tloc           1%         N/A       97%         3
 Summon Guardian Golem    Hex/Summ       1%         N/A       97%         3
 Teleport Other           Tloc           1%         N/A       97%         3
 Anguish                  Hex/Necr       2%         N/A       99%         4
 Dispersal                Tloc           0%         N/A       100%        6


Dungeon Overview and Level Annotations

Branches:
Dungeon (3/15)

Altars:


Innate Abilities, Weirdness & Mutations

You have a pair of small antennae on your head.


Message History

The bat barely misses you.
The jackal bites you but does no damage. x2
The adder closely misses you. The jackal bites you.
* * * LOW HITPOINT WARNING * * *
The jackal bites you.
* * * LOW HITPOINT WARNING * * *
You closely miss the adder.
The adder is almost dead.
The bat hits you but does no damage.
The jackal bites you but does no damage.
The bat barely misses you. The adder bites you but does no damage.
The jackal bites you but does no damage.
The jackal closely misses you.
The jackal bites you but does no damage.
You closely miss the adder.
The adder is almost dead.
The bat hits you but does no damage. The jackal barely misses you.
The adder bites you but does no damage. The jackal bites you.
* * * LOW HITPOINT WARNING * * *
The jackal barely misses you.
The jackal bites you but does no damage.
The adder barely misses you.
The jackal bites you but does no damage.
You hit the adder but do no damage.
The adder is almost dead.
The jackal bites you but does no damage.
The jackal bites you.
* * * LOW HITPOINT WARNING * * *
The adder bites you.
* * * LOW HITPOINT WARNING * * *
The jackal bites you but does no damage.
The bat hits you.
* * * LOW HITPOINT WARNING * * *
The jackal bites you but does no damage.
You barely miss the adder.
The adder is almost dead.
The bat hits you but does no damage. The bat hits you.
* * * LOW HITPOINT WARNING * * *
The jackal bites you.
You die...

..........##.##
.[............#..#
#...............#
#
.#.#.....##..#>##
#. ##......##..#.#
#.#.##....##..# #
#..##....##..#
#..)#b.......$
#S@h..###..##
#...h#h.## .#
....#........ #
### ####.>####
#?.# #..# ...# .##


You could see an adder, 3 jackals and a bat.

Vanquished Creatures
  2 adders
  3 dart slugs
  3 orcs (D:3)
  3 ball pythons (D:1)
  6 endoplasms
  4 giant cockroaches
  3 goblins
  7 jackals
  A quokka (D:1)
  4 bats
  A frilled lizard (D:2)
  4 kobolds
  7 rats
48 creatures vanquished.

Vanquished Creatures (collateral kills)
  An orc (D:3)
1 creature vanquished.

Grand Total: 49 creatures vanquished

Notes
Turn   | Place    | Note
-------+----------+-------------------------------------------
     0 | D:1      | IdlyInterested the Demonspawn Wanderer began the quest for
                  | the Orb.
     0 | D:1      | IdlyInterested set off with the following items: a +0
                  | spear, a +0 ring mail, a scroll of blinking; and the
                  | following spell memorised: Necrotise; and the following
                  | spells available to memorise: Vampiric Draining, Anguish.
     0 | D:1      | Reached XP level 1. HP: 13/13 MP: 3/3
   260 | D:1      | Reached skill level 1 in Fighting
   260 | D:1      | Gained mutation: You have a pair of small antennae on your
                  | head. [demonic ancestry]
   260 | D:1      | Reached XP level 2. HP: 13/21 MP: 1/5
   473 | D:1      | Found a faded altar of an unknown god.
   656 | D:1      | Reached skill level 3 in Armour
  1198 | D:1      | Reached XP level 3. HP: 11/27 MP: 1/6
  1613 | D:2      | Reached skill level 1 in Dodging
  1967 | D:3      | Reached XP level 4. HP: 25/33 MP: 7/7
  2121 | D:3      | HP: 1/33 [bat (1)]
  2122 | D:3      | Slain by a jackal

Illustrated notes

Levels and vault maps discovered:
D:1:      dreamdust_arrival_beginning_and_end, layout_basic,
          hellmonk_ecumenical_altar_crossroads, solitary_fountain,
          hangedman_feature_mirror
D:2:      layout_rooms
D:3:      layout_loops_ring, pf_guarded_unrand_meek, uniq_ijyb

Skill      XL: |  1  2  3 |
---------------+----------+-----
Fighting       | 1 2 |  2.2
Polearms       | 2 |  2.3
Armour         | 3 |  3.0
Dodging        | 1 |  1.2
Spellcasting   | |  2.0
Necromancy     | |  2.6
Evocations     | |  1.0

Action                   |  1- 3 |  4- 6 || total
-------------------------+-------+-------++-------
Melee: Spear             |   117 |    48 ||   165
 Cast: Necrotise         |    38 |     5 ||    43
  Use: Scroll            |     4 |       ||     4
       Potion            |     2 |       ||     2
Armor: Ring mail         |    87 |       ||    87
       Scale mail        |     8 |    60 ||    68
Dodge: Dodged            |   106 |    35 ||   141
Block: Buckler           |     4 |       ||     4

Table legend: (Time is in decaauts)
 A = Elapsed time spent in this place.
 B = Non-inter-level travel time spent in this place.
 C = Inter-level travel time spent in this place.
 D = Time resting spent in this place.
 E = Time spent auto-exploring this place.
 F = Levels seen in this place.
 G = Mean time per level.
                   A        B        C        D        E       F      G
               +--------+--------+--------+--------+--------+-----+--------+
         Total |   2123 |   1986 |    137 |    270 |   1152 |   3 |  707.7 |
       Dungeon |   2123 |   1986 |    137 |    270 |   1152 |   3 |  707.7 |
               +--------+--------+--------+--------+--------+-----+--------+

Top non-repeatable levels by time:
     D:1: 1465 daAuts
     D:2: 488 daAuts
     D:3: 168 daAuts
